AoeStats
← Destreza

Arabia

509709153Analyzed
1v1 RM · 6d ago on Sep 27, 2026· 38m 47s· 2 players
Game mode
Random Map
Map size
Tiny (2 player)
Population
200
Speed
Normal
Resources
Standard
Victory
Conquest
Starting age
Dark Age
Ending age
Imperial Age
RankedLock teamsTeams togetherTeam positionsShared explorationLock speedFull tech treeHidden civsTurbo modeCheats
Victory
Defeat
🇦🇷 Lithuanians · Argentina
1273
+15
🇺🇸 Danes · United States
1257
-15
GrandNedgus
2:35 Loom
10:46 Feudal Age
11:33 Double-Bit Axe
12:35 Horse Collar
13:02 Gold Mining
14:04 Fletching
22:20 Castle Age
21:18 Scale Mail Armor
21:28 Forging
22:57 Pikeman
24:01 Chain Mail Armor
24:21 Iron Casting
28:08 Gambesons
29:11 Town Watch
30:47 Wheelbarrow
30:12 Stone Mining
32:57 Bow Saw
32:56 Heavy Plow
36:36 Squires
Destreza
7:42 Loom
9:35 Feudal Age
10:46 Double-Bit Axe
11:21 Horse Collar
17:24 Gold Mining
20:04 Castle Age
19:34 Bloodlines
20:14 Forging
20:12 Scale Barding Armor
21:42 Bow Saw
23:39 Chain Barding Armor
26:57 Iron Casting
34:10 Wheelbarrow
37:15 Imperial Age
38:47 Plate Barding Armor
Connection lost

Rejoining the realm…

Still unreachable

The connection could not be restored.

Session expired

The server has moved on; the page needs a fresh start.